 Dungeon Crawl Stone Soup version 0.20.0-15-g7f486f2 (webtiles) character file.

5813 gobwax the Spear-Bearer (level 10, -6/79 HPs)
             Began as a Barachi Berserker on June 28, 2017.
             Was a High Priest of Trog.
             Mangled by a porcupine (10 damage)
             ... on level 9 of the Dungeon.
             The game lasted 00:34:14 (7180 turns).

gobwax the Spear-Bearer (Barachi Berserker)         Turns: 7180, Time: 00:34:15

Health: -6/79      AC: 10    Str: 20      XL:     10   Next: 79%
Magic:  10/10      EV: 12    Int:  8 (9)  God:    Trog [*****.]
Gold:   662        SH:  0    Dex: 12      Spells: 9/9 levels left

rFire    . . .     SeeInvis .   C - +1 trident
rCold    . . .     Gourm    .   (no shield)
rNeg     . . .     Faith    +   x - +1 troll leather armour
rPois    .         Spirit   .   u - +2 hat
rElec    .         Reflect  .   (no cloak)
rCorr    .         Harm     .   l - +0 pair of gloves
MR       .....     Rnd*Rage +   (no boots)
Stlth    +.........             e - amulet of faith
Regen    0.7/turn               (no ring)
MPRegen  0.2/turn               (no ring)

@: can't hop, berserk cooldown, slowed, very slow
A: +LOS, swims, thin metallic scales 1, berserk 1, blurry vision 2,
deterioration 1, robust 1, slowness 1, strong legs 1
a: Hop, Berserk, Trog's Hand, Brothers in Arms, Burn Spellbooks, Renounce
Religion


You were on level 9 of the Dungeon.
You worshipped Trog.
Trog was extremely pleased with you.
You were hungry.

You visited 1 branch of the dungeon, and saw 10 of its levels.

You collected 662 gold pieces.

Inventory:

Hand Weapons
 a - a +0 spear
 C - a +1 trident (weapon)
Missiles
 E - 7 steel tomahawks (quivered)
Armour
 b - a +0 animal skin
 d - a +0 chain mail
 l - a +0 pair of gloves (worn)
 u - a +2 hat (worn)
 x - a +1 troll leather armour (worn)
 B - a +2 chain mail of positive energy
Jewellery
 e - an amulet of faith (around neck)
 k - an uncursed amulet of guardian spirit {unknown}
 q - an uncursed ring of protection from fire {unknown}
 s - the amulet "Hoicopno" {Faith rElec rF+ Int-2, unknown}
   (You found it on level 9 of the Dungeon)

   [amulet of faith]

   It allows you to gain divine favour quickly.
   It affects your intelligence (-2).
   It protects you from fire.
   It insulates you from electricity.
Wands
 I - a wand of flame (48/48)
Scrolls
 f - 8 scrolls of identify
 g - 4 scrolls of teleportation
 i - a scroll of enchant weapon
 j - a scroll of torment {unknown}
 n - 4 scrolls of remove curse
 r - a scroll of magic mapping {unknown}
 t - 2 scrolls of blinking
 D - a scroll of fog
Potions
 h - 2 potions of haste
 m - a potion of berserk rage
 p - 2 potions of mutation {unknown}
 w - a potion of flight
 A - 2 potions of brilliance
 F - a potion of curing
Comestibles
 c - 7 bread rations
 o - 10 royal jellies
 v - 2 meat rations
 z - 14 chunks of flesh
 J - 4 fruits


   Skills:
 + Level 4.3 Fighting
 - Level 14.9 Polearms
 + Level 3.7 Armour
 - Level 2.3 Dodging


You had 9 spell levels left.
You didn't know any spells.

Dungeon Overview and Level Annotations

Branches:
Dungeon (10/15)            Temple (0/1) D:4            Lair (0/6) D:10
    Orc: D:9-12

Altars:
Cheibriados
Dithmenos
Fedhas
Gozag
Hepliaklqana
Kikubaaqudgha
Makhleb
Ru
Sif Muna
Vehumet
Xom

Shops:
D:4 =   D:9 :


Innate Abilities, Weirdness & Mutations

Shadows flee at your approach. (+LOS)
You can swim through water.
You cover ground slowly.
You can hop short distances.
You are partially covered in thin metallic scales. (AC +2)
You tend to lose your temper in combat.
Scrolls take you longer to read.
Your body sometimes deteriorates upon taking damage.
You are robust. (+10% HP)


Message History

* * * LOW HITPOINT WARNING * * *
Your legs are too worn out to hop.
A red film seems to cover your vision as you go berserk!
You feel yourself moving faster!
You feel mighty!
You are feeling hungry.
The porcupine bites you!
* * * LOW HITPOINT WARNING * * *
The porcupine closely misses you. The porcupine bites you.
* * * LOW HITPOINT WARNING * * *
You feel a strong urge to attack something.
You feel your anger subside.
You are no longer berserk.
You are exhausted.
You feel yourself slow down.
You feel better. The porcupine barely misses you. x2
The porcupine misses you.
The porcupine bites you but does no damage.
The porcupine bites you.
* * * LOW HITPOINT WARNING * * *
The porcupine bites you!
You die...

########### #.........#
#........># #.........#
#################.........#
................@r........#
#################r........#
#.........# #.........#
#....(....# ##'########
#....# ########## ####.#
#........# ###'#####


You could see 2 porcupines.

Vanquished Creatures
  2 two-headed ogres
  Pikel (D:5)
  A troll (D:9)
  Prince Ribbit (D:8)
  4 hogs (D:7)
  A human (D:7)
  The ghost of rock the Chopper, an amateur MiBe of Trog (D:3)
  A porcupine (D:10)
  Duvessa (D:4)
  A sky beast (D:7)
  A phantom (D:4)
  2 ice beasts
  4 ogres
  2 centaurs
  2 crocodiles (D:10)
  Blork the orc (D:5)
  2 bullfrogs (D:6)
  Dowan (D:4)
  A scorpion (D:7)
  3 killer bees (D:9)
  A howler monkey (D:7)
  7 crimson imps
  A bullfrog zombie (D:5)
  5 hounds
  A centaur zombie (D:8)
  A bullfrog skeleton (D:5)
  2 orc wizards
  4 iguanas
  5 worker ants
  A hound zombie (D:7)
  A hound skeleton (D:6)
  A worker ant zombie (D:6)
  2 gnolls (D:3)
  9 adders
  A shadow imp (D:9)
  2 oozes
  2 adder skeletons
  3 dart slugs (D:3)
  4 leopard geckos
  11 orcs
  3 giant cockroaches
  14 goblins
  7 hobgoblins
  10 jackals
  8 kobolds
  8 quokkas
  A ball python (D:3)
  A ball python skeleton (D:6)
  8 bats
  4 frilled lizards
  A jackal skeleton (D:6)
  2 leopard gecko skeletons
  9 rats
173 creatures vanquished.

Vanquished Creatures (collateral kills)
  Eustachio (D:5)
  An orc warrior (D:10)
  A crocodile (D:10)
  An orc priest (D:10)
  An iguana (D:5)
  2 orcs (D:10)
7 creatures vanquished.

Vanquished Creatures (others)
  An iguana (D:5)
  An ooze (D:5)
  5 orcs (D:5)
  A giant cockroach (D:5)
  A jackal zombie (D:5)
  A bush (D:10)
  3 plants (D:10)
13 creatures vanquished.

Grand Total: 193 creatures vanquished

Notes
Turn   | Place    | Note
-------+----------+-------------------------------------------
     0 | D:1      | gobwax the Barachi Berserker began the quest for the Orb.
     0 | D:1      | Reached XP level 1. HP: 18/18 MP: 1/1
   107 | D:1      | Reached XP level 2. HP: 23/24 MP: 2/2
   375 | D:1      | Reached skill level 4 in Polearms
   504 | D:2      | Reached XP level 3. HP: 29/29 MP: 3/3
   530 | D:2      | Reached ** piety under Trog
   587 | D:2      | Found a deep blue altar of Sif Muna.
   587 | D:2      | Found an ancient bone altar of Kikubaaqudgha.
   588 | D:2      | Found a blossoming altar of Fedhas.
   856 | D:2      | Reached XP level 4. HP: 36/36 MP: 4/4
  1077 | D:2      | Found a radiant altar of Vehumet.
  1078 | D:2      | Found a snail-covered altar of Cheibriados.
  1539 | D:3      | Reached skill level 5 in Polearms
  1625 | D:3      | Found a shimmering altar of Xom.
  1651 | D:3      | Reached XP level 5. HP: 28/41 MP: 5/5
  1663 | D:3      | Noticed rock's ghost (amateur MiBe)
  1676 | D:3      | Killed rock's ghost
  1676 | D:3      | Reached skill level 6 in Polearms
  1676 | D:3      | Reached XP level 6. HP: 36/47 MP: 6/6
  1734 | D:3      | Reached skill level 7 in Polearms
  1787 | D:3      | Reached *** piety under Trog
  1953 | D:3      | Reached XP level 7. HP: 47/52 MP: 7/7
  2455 | D:4      | Noticed Duvessa
  2455 | D:4      | Noticed Dowan
  2469 | D:3      | Reached **** piety under Trog
  2590 | D:4      | Killed Duvessa
  2590 | D:4      | Reached skill level 8 in Polearms
  2606 | D:4      | Killed Dowan
  2627 | D:4      | Found a staircase to the Ecumenical Temple.
  2886 | D:4      | Reached skill level 9 in Polearms
  2887 | D:4      | Reached XP level 8. HP: 43/59 MP: 8/8
  3290 | D:4      | Found Vireatyh's Jewellery Emporium.
  3433 | D:5      | Entered Level 5 of the Dungeon
  3450 | D:5      | Noticed Pikel
  3501 | D:5      | Killed Pikel
  3501 | D:5      | Reached skill level 10 in Polearms
  3521 | D:5      | Noticed Blork the orc
  3533 | D:5      | Killed Blork the orc
  3544 | D:5      | Noticed Eustachio
  3555 | D:5      | Killed Eustachio
  3555 | D:5      | Reached skill level 11 in Polearms
  3686 | D:5      | Reached XP level 9. HP: 42/64 MP: 9/9
  3803 | D:5      | Found a sacrificial altar of Ru.
  3886 | D:5      | Found a burning altar of Makhleb.
  3896 | D:5      | Found an opulent altar of Gozag.
  4193 | D:6      | Found a shadowy altar of Dithmenos.
  4748 | D:6      | Reached skill level 12 in Polearms
  5245 | D:7      | Found a hazy altar of Hepliaklqana.
  5307 | D:7      | Reached skill level 13 in Polearms
  5482 | D:7      | Gained mutation: Your body sometimes deteriorates upon taking damage. [mutagenic meat]
  5483 | D:7      | Gained mutation: Scrolls take you a little longer to read. [mutagenic meat]
  5484 | D:7      | Gained mutation: You are robust. (+10% HP) [mutagenic meat]
  5485 | D:7      | Gained mutation: You tend to lose your temper in combat. [mutagenic meat]
  5486 | D:7      | Gained mutation: Scrolls take you longer to read. [mutagenic meat]
  5487 | D:7      | Gained mutation: You are partially covered in thin metallic scales. (AC +2) [mutagenic meat]
  5853 | D:8      | Noticed Prince Ribbit
  5862 | D:8      | Killed Prince Ribbit
  5862 | D:8      | Reached XP level 10. HP: 76/77 MP: 10/10
  6064 | D:8      | Noticed a two-headed ogre
  6078 | D:8      | Killed a two-headed ogre
  6078 | D:8      | Reached skill level 14 in Polearms
  6611 | D:9      | Found Bosuarum's Book Shop.
  6740 | D:9      | Got a scorched iron amulet
  6771 | D:9      | Reached ***** piety under Trog
  6792 | D:9      | Noticed a two-headed ogre
  6800 | D:9      | Killed a two-headed ogre
  6967 | D:10     | Entered Level 10 of the Dungeon
  7037 | D:10     | Found a staircase to the Lair.
  7174 | D:9      | HP: 1/118 [porcupine (6)]
  7179 | D:9      | HP: 3/79 [porcupine (6)]
  7180 | D:9      | Mangled by a porcupine

Skill      XL: |  1  2  3  4  5  6  7  8  9 10 |
---------------+-------------------------------+-----
Polearms       | 4 5 6 7 9 11 13 14 | 14.9
Fighting       | 4 |  4.3
Armour         | 3 |  3.7
Dodging        | |  2.3

Action                   |  1- 3 |  4- 6 |  7- 9 | 10-12 || total
-------------------------+-------+-------+-------+-------++-------
Melee: Spear             |   125 |   333 |   106 |       ||   564
       Trident           |       |       |   331 |   173 ||   504
Invok: Berserk           |       |     3 |     5 |     4 ||    12
       Burn Spellbooks   |       |       |     2 |       ||     2
       Brothers in Arms  |       |       |     1 |     1 ||     2
       Trog's Hand       |       |       |     1 |       ||     1
 Abil: Hop               |     1 |     2 |     4 |     3 ||    10
  Use: Scroll            |       |       |    13 |     2 ||    15
       Potion            |       |       |    10 |     2 ||    12
 Stab: Invisible         |       |     4 |       |       ||     4
  Eat: Chunk             |       |     7 |    17 |     8 ||    32
       Bread ration      |       |       |     1 |       ||     1
       Meat ration       |       |       |     1 |       ||     1
Armor: Chain mail        |    46 |   148 |   169 |    36 ||   399
       Animal skin       |     1 |       |       |       ||     1
       Troll leather arm |       |       |       |    12 ||    12
Dodge: Dodged            |    42 |    97 |   126 |    58 ||   323
